Cogmind - Beta 13 @@@ ROGUE MODE // 2024.07.13 @ 14:12:02 Player: Xintrosi Result: Destroyed by J7-TQ8(g) with Beamcaster Performance ------------- Evolutions (3) 1500 Regions Visited (8) 1600 Robots Destroyed (100) 500 Value Destroyed (3473) 3473 Prototype IDs (4) 80 Alien Tech Used (0) 0 Bonus (164) 164 TOTAL SCORE: 7317 Bonus ------- High Alert Combat Kills 21 Follower Combat Kills 161 Friendly Fire -18 Cogmind --------- Core Integrity 0/700 Matter 210/300 Energy 36/100 System Corruption 17% Temperature Cool (9) Movement Walking (540) Ox6 Location -7/Lower Caves Parts ------- > --- POWER (2) -------- (None) > --- PROPULSION (2) --- Carbon-fiber Leg Compact Wheel > --- UTILITY (6) ------ Improved Heat Sink Huge Storage Unit Hacking Suite > --- WEAPON (3) ------- Bore Cannon Powered Hammer > --- INVENTORY (25) --- Medium Treads VSS Leg Heat Sink Improved Heat Sink Improved Heat Sink Signal Interpreter Makeshift Salvage Targeting Computer Targeting Computer Layered Light Armor Plating Shock Absorption System Hacking Suite Long-range Tractor Beam Particle Gun Gatling Laser Makeshift Laser Improved EM Pulse Cannon Improved EM Pulse Cannon Improved EM Pulse Cannon Gauss Rifle Rocket Launcher Peak State ------------ > --- POWER ------------ Light Nuclear Core Light Nuclear Core > --- PROPULSION ------- Light Treads Compact Wheel > --- UTILITY ---------- Improved Heat Sink Improved Heat Sink Advanced Heat Sink Huge Storage Unit Core Analyzer Hacking Suite > --- WEAPON ----------- Advanced Beam Rifle Advanced Beam Rifle Improved Spread Laser > --- INVENTORY -------- Ion Engine Ion Engine Light Treads Light Treads Light Treads Medium Treads VSS Leg Wheel Compact Wheel Heat Sink Improved Heat Sink Signal Interpreter Microactuators Hacking Suite Long-range Tractor Beam Shock Rifle Shock Rifle Arc Projector Gatling Laser Light EM Pulse Cannon Improved EM Pulse Cannon Light Cannon Bore Cannon Powered Hammer Katana [Rating: 46] Favorites ----------- Power Ion Engine Engine Ion Engine Power Core Light Nuclear Core Propulsion Light Treads Treads Light Treads Leg Aluminum Leg Wheel Compact Wheel Utility Huge Storage Unit Device Improved Heat Sink Storage Huge Storage Unit Processor Core Analyzer Hackware Hacking Suite Protection Improved Light Armor Plating Weapon Shock Rifle Energy Gun Shock Rifle Energy Cannon Light EM Pulse Cannon Ballistic Gun Assault Rifle Ballistic Cannon Bore Cannon Launcher Grenade Launcher Impact Weapon Powered Hammer Build | -11 -10 -10 -10 -9 -8 -7 -7 -7 ------- Run | Yrd Mat Min Exi Min Mat Fac Low Low Slots Evolved 6 | . . . . . 4 2 . . Power 1 | . . . . . . 1 . . Propulsion . | . . . . . . . . . Utility 4 | . . . . . 3 1 . . Weapon 1 | . . . . . 1 . . . Parts Attached 98 | . 11 6 . 3 18 26 12 22 Power 14 | . 1 1 . . 2 4 2 4 Engine 7 | . 1 1 . . 1 2 2 . Core 7 | . . . . . 1 2 . 4 Reactor . | . . . . . . . . . Propulsion 13 | . 2 . . 1 1 3 2 4 Treads 8 | . 1 . . 1 1 2 1 2 Leg 1 | . . . . . . . . 1 Wheel 4 | . 1 . . . . 1 1 1 Hover . | . . . . . . . . . Flight . | . . . . . . . . . Utility 22 | . 2 2 . . 7 5 2 4 Device 7 | . . . . . 3 3 1 . Storage 2 | . 1 1 . . . . . . Processor 2 | . . . . . . 2 . . Hackware 1 | . . . . . 1 . . . Protection 10 | . 1 1 . . 3 . 1 4 Artifact . | . . . . . . . . . Weapon 49 | . 6 3 . 2 8 14 6 10 Energy Gun 14 | . . . . . 1 5 4 4 Energy Cannon 2 | . . . . . . . . 2 Ballistic Gun 17 | . 4 1 . 1 6 4 . 1 Ballistic Cannon 3 | . . . . . . . 2 1 Launcher 9 | . 2 2 . 1 . 3 . 1 Special Weapon . | . . . . . . . . . Impact Weapon 4 | . . . . . 1 2 . 1 Slashing Weapon . | . . . . . . . . . Piercing Weapon . | . . . . . . . . . Special Melee Weapon . | . . . . . . . . . Unidentified Prototypes 4 | . . . . . 3 1 . . Corrupted Parts 1 | . . . . . . . . 1 System Corruption 10 | . . . . . . . . 10 Parts Lost 36 | . . . . 1 . 8 9 18 Power 9 | . . . . . . 2 2 5 Propulsion 7 | . . . . . . 1 2 4 Utility 8 | . . . . . . 2 1 5 Weapon 12 | . . . . 1 . 3 4 4 Highest Loss Streak 9 | . . . . 1 . 6 9 8 To Critical Strikes . | . . . . . . . . . Average Slot Usage (%) 97 | . 97 100 100 100 99 97 99 90 Engine 9 | . 14 14 14 14 8 4 9 6 Core 3 | . . . . . . 8 5 3 Treads 9 | . 11 14 14 14 9 7 6 10 Wheel 8 | . 11 14 14 14 9 6 6 3 Device 11 | . . . . . 8 21 21 14 Storage 9 | . 14 14 14 14 9 7 7 7 Processor 2 | . . . . . . 3 7 3 Hackware 5 | . . . . . 8 7 7 7 Protection 8 | . 12 14 14 14 17 4 1 6 Energy Gun 10 | . . . . . 4 12 19 16 Ballistic Gun 10 | . 26 14 14 19 21 6 2 . Launcher 2 | . 1 14 14 8 . . . . Naked Turns . | . . . . . . . . . Heaviest Build 123 | 13 23 97 97 97 104 109 106 123 Greatest Support 40 | 20 20 16 16 16 16 16 16 40 Greatest Overweight (x) 10 | . 1 6 6 6 6 6 10 10 Average Overweight (x) 5 | . . 5 6 5 6 6 8 5 Largest Inventory Capacity 25 | . 10 25 25 25 25 25 25 25 Average Capacity 23 | . 9 24 25 25 25 25 25 25 Most Carried 25 | . 10 19 19 25 25 25 25 25 Average Carried 20 | . 9 14 19 21 24 23 20 23 Final Capacity 25 | 8 10 25 25 25 25 25 25 25 Final Carried 25 | 6 10 19 19 25 25 25 24 20 Class Distribution -------------------- 37% | Scavenger-Gunner 31% | Mutant 14% | Scavenger-Tank 12% | Scavenger-Mutant 3% | Tank Dominant Class ---------------- Mutant | -10/Materials Mutant | -10/Mines Mutant | -10/Exiles Mutant | -9/Mines Scavenger-Tank | -8/Materials Scavenger-Gunner | -7/Factory Scavenger-Gunner | -7/Lower Caves Scavenger-Gunner | -7/Lower Caves Resources | -11 -10 -10 -10 -9 -8 -7 -7 -7 ----------- Run | Yrd Mat Min Exi Min Mat Fac Low Low Matter Collected 2174 | 162 280 94 . 162 569 449 206 252 Remotely . | . . . . . . . . . Salvage Created 3539 | . 266 43 . 209 1056 968 354 643 Parts 188 | . 30 9 . 12 55 46 13 23 Haulers Intercepted 4 | . 1 . . . 2 1 . . Recyclers Shooed 2 | . . . . 1 . 1 . . Parts Field Recycled . | . . . . . . . . . Retrieved Matter . | . . . . . . . . . Parts Self-Destructed 39 | . . . . . . . 25 14 Prevented 6 | . . . . . . . . 6 Kills | -11 -10 -10 -10 -9 -8 -7 -7 -7 ------- Run | Yrd Mat Min Exi Min Mat Fac Low Low Combat Hostiles Destroyed 82 | . 10 6 . 9 13 21 7 16 Guns 40 | . 3 . . 4 13 11 4 5 Cannons 3 | . . . . . . . 2 1 AOE 36 | . 7 6 . 5 . 10 . 8 Classes Destroyed 15 | . 5 . . 1 3 3 . 3 Worker 2 | . . . . . 1 1 . . Builder 3 | . . . . . . 3 . . Hauler 4 | . 1 . . . 2 1 . . Recycler 4 | . . . . . 3 1 . . Operator 3 | . 1 . . . . 2 . . Watcher 2 | . 1 . . . 1 . . . Swarmer 19 | . 3 6 . 3 . 3 1 3 Grunt 44 | . 7 . . 5 12 12 3 5 Brawler 3 | . . . . . . . . 3 Duelist 3 | . . . . 1 . 1 . 1 Protector 1 | . . . . . . . . 1 Sentry 4 | . . . . . 1 1 1 1 Hunter 4 | . . . . . . 3 1 . Programmer 3 | . . . . . . 1 1 1 Samaritan 1 | . . . . . . . . 1 Butcher 1 | . . . . . . . . 1 Best Kill Streak 11 | . 4 3 . 3 5 7 3 11 Combat Bots Only 11 | . 4 3 . 3 3 5 3 11 Max Kills in Single Turn 3 | . 2 3 . 2 1 2 1 2 Gunslinging . | . . . . . . . . . Exploded 3 | . 2 3 . 2 . 2 . 2 Melee . | . . . . . . . . . Uniques/NPCs Destroyed . | . . . . . . . . . Combat | -11 -10 -10 -10 -9 -8 -7 -7 -7 -------- Run | Yrd Mat Min Exi Min Mat Fac Low Low Hostile Shots Fired 473 | . 39 4 . 21 50 145 73 141 Missed 149 | . 21 2 . 8 10 45 15 48 Damage Taken 5487 | . 363 68 . 191 652 1212 823 2178 Core 894 | . 48 13 . 15 101 240 141 336 Absorbed by Shields . | . . . . . . . . . Regen/Repaired (Parts) 223 | . 63 . . . 160 . . . Core Remaining (%) 83 | 100 . . . 69 81 . . . Volleys Fired 201 | . 30 3 . 13 51 44 22 38 Largest 3 | . 2 2 . 2 3 3 3 3 Hottest 202 | . 40 40 . 40 109 202 157 161 Shots Fired 444 | . 48 4 . 20 153 98 57 64 Gun 392 | . 36 2 . 16 153 88 51 46 Cannon 19 | . . . . . . . 6 13 Launcher 33 | . 12 2 . 4 . 10 . 5 Special . | . . . . . . . . . Kinetic 253 | . 36 2 . 16 123 46 16 14 Thermal 103 | . . . . . 30 42 26 5 Explosive 33 | . 12 2 . 4 . 10 . 5 Electromagnetic 55 | . . . . . . . 15 40 Robot Hit Streak 18 | . 11 13 . 9 12 10 10 18 Robot Miss Streak 6 | . 3 1 . 1 6 2 2 4 Penetration Max 1 | . . . . . . . 1 . Secondary Targets 8 | . 1 . . . 4 3 . . Max Gunslinging Chain 1 | . 1 . . . 1 1 . . Shots Hit Robots 297 | . 35 3 . 16 99 63 41 40 Core Hits 187 | . 21 6 . 12 43 52 16 37 Critical Kills 4 | . . . . . 1 . 2 1 Critical Parts Destroyed 6 | . . . . 1 . . 3 2 Critical Strikes 17 | . . . . 1 3 2 8 3 Burn 6 | . . . . . 2 2 2 . Destroy 9 | . . . . 1 1 . 5 2 Corrupt 1 | . . . . . . . 1 . Smash 1 | . . . . . . . . 1 Melee Attacks 9 | . . . . . 1 7 . 1 Impact 9 | . . . . . 1 7 . 1 Slashing . | . . . . . . . . . Piercing . | . . . . . . . . . Sneak Attacks 1 | . . . . . . . . 1 Combat Hostiles . | . . . . . . . . . Follow-up Attacks . | . . . . . . . . . Damage Inflicted 8453 | . 882 205 . 584 1574 2486 813 1909 Guns 4353 | . 273 15 . 188 1574 1147 689 467 Cannons 254 | . . . . . . . 124 130 Explosions 3748 | . 607 190 . 396 . 1339 . 1216 Melee 96 | . . . . . . . . 96 Ramming 2 | . 2 . . . . . . . Kinetic 2566 | . 273 15 . 188 1154 549 244 143 Thermal 1956 | . . . . 98 420 956 402 80 Explosive 3168 | . 607 190 . 298 . 981 . 1092 Electromagnetic 665 | . . . . . . . 167 498 Impact 96 | . . . . . . . . 96 Slashing . | . . . . . . . . . Piercing . | . . . . . . . . . Highest Corruption 17 | . . . . . . . 1 17 Average Corruption 4 | . . . . . . . 1 7 Corruption Purged . | . . . . . . . . . Corruption Blocked . | . . . . . . . . . Effects 54 | . . . . . . . 16 38 Message Errors 14 | . . . . . . . 4 10 Matter Fused 7 | . . . . . . . 1 6 Heat Flow Errors 14 | . . . . . . . 7 7 Energy Discharges 5 | . . . . . . . 2 3 Parts Fused 1 | . . . . . . . . 1 Data Loss (minor) 2 | . . . . . . . 1 1 Data Loss (major) 6 | . . . . . . . 1 5 Misfires 3 | . . . . . . . . 3 Alerts 1 | . . . . . . . . 1 Misdirections 1 | . . . . . . . . 1 Overload Shots . | . . . . . . . . . Overflow Damage 180 | . . 21 . . . 56 . 103 Projectiles . | . . . . . . . . . Explosions 84 | . . 21 . . . 56 . 7 Melee 96 | . . . . . . . . 96 Knockbacks . | . . . . . . . . . Impact . | . . . . . . . . . Kinetic . | . . . . . . . . . Secondary . | . . . . . . . . . Self-Inflicted Damage 591 | . 180 52 . 66 . 97 . 196 Shots 19 | . 5 2 . 2 . 5 . 5 Rammed 1 | . 1 . . . . . . . Targets Rammed 1 | . 1 . . . . . . . Kicked . | . . . . . . . . . Crushed . | . . . . . . . . . Highest Temperature 252 | . 24 . . 10 144 130 217 252 Average Temperature 40 | . 6 . . 7 44 33 44 77 Received Heat Transfer 1491 | . 87 . . 36 450 381 189 348 Effects 1 | . . . . . . . . 1 Energy Bleed 1 | . . . . . . . . 1 Siege Activations . | . . . . . . . . . Robots Corrupted 1 | . . . . . . . . 1 Combat Hostiles 1 | . . . . . . . . 1 Parts Fried 3 | . . . . . . . . 3 Impact Corruptions 4 | . . . . . . . . 4 Robots Melted 1 | . . . . . . . 1 . Combat Hostiles 1 | . . . . . . . 1 . Parts Melted 9 | . . . . . 2 4 3 . Heat Transferred 3408 | . . . . 100 925 1384 851 148 Parts Sabotaged . | . . . . . . . . . Parts Stolen . | . . . . . . . . . Parts Stripped . | . . . . . . . . . Power Chain Reactions 1 | . . . . . . . . 1 Alert | -11 -10 -10 -10 -9 -8 -7 -7 -7 ------- Run | Yrd Mat Min Exi Min Mat Fac Low Low Peak Influence 428 | . 428 300 . 187 222 390 . . Initial 114 | . . 114 . . 27 37 . . Average 174 | . 238 208 . 82 89 258 . . Maximum Alert Level 2 | . 2 1 . . 1 1 . . Low Security (%) 58 | . 30 33 . 100 92 29 . . Level 1 38 | . 51 66 . . 7 70 . . Level 2 2 | . 17 . . . . . . . Level 3 . | . . . . . . . . . Level 4 . | . . . . . . . . . Level 5 . | . . . . . . . . . High Security . | . . . . . . . . . Max Security . | . . . . . . . . . Squads Dispatched 15 | . 5 1 . . 3 5 . 1 Investigation 6 | . 2 1 . . 1 2 . . Extermination 1 | . . . . . . 1 . . Reinforcement 7 | . 3 . . . 2 2 . . Assault 1 | . . . . . . . . 1 Garrison . | . . . . . . . . . Intercept . | . . . . . . . . . Searches Triggered . | . . . . . . . . . Construction Impeded . | . . . . . . . . . Haulers Reinforced 1 | . . . . . . 1 . . Active Scanning Responses . | . . . . . . . . . Cargo Convoy Interrupts . | . . . . . . . . . Stealth | -11 -10 -10 -10 -9 -8 -7 -7 -7 --------- Run | Yrd Mat Min Exi Min Mat Fac Low Low Distress Signals 1 | . 1 . . . . . . . Communications Jammed . | . . . . . . . . . Distress Signals . | . . . . . . . . . Times Spotted 114 | . 20 6 . 9 20 22 15 22 Peak Tracking Total 8 | . 4 3 . 3 4 5 7 8 Tactical Retreats 5 | . . . . . 1 . 3 1 Traps | -11 -10 -10 -10 -9 -8 -7 -7 -7 ------- Run | Yrd Mat Min Exi Min Mat Fac Low Low Traps Triggered 2 | . 1 . . . . 1 . . Indirectly . | . . . . . . . . . Trap Hack Attempts . | . . . . . . . . . Triggered . | . . . . . . . . . Disarmed . | . . . . . . . . . Reprogrammed . | . . . . . . . . . Reused . | . . . . . . . . . Traps Extracted . | . . . . . . . . . Installed . | . . . . . . . . . Triggered 3 | . . . . . . . . 3 Machines | -11 -10 -10 -10 -9 -8 -7 -7 -7 ---------- Run | Yrd Mat Min Exi Min Mat Fac Low Low Machines Disabled 9 | . 4 1 . 1 . 3 . . Max in Single Turn 3 | . 3 1 . 1 . 2 . . Machines Repaired . | . . . . . . . . . Machines Dismantled . | . . . . . . . . . Machines Sabotaged . | . . . . . . . . . Overloaded Fab Kills . | . . . . . . . . . Hacking | -11 -10 -10 -10 -9 -8 -7 -7 -7 --------- Run | Yrd Mat Min Exi Min Mat Fac Low Low Machines Accessed 15 | . 4 1 1 . 5 2 1 1 Terminals 6 | . 2 . . . 3 1 . . Fabricators 1 | . . . . . . 1 . . Repair Stations 2 | . 1 . . . 1 . . . Recycling Units 1 | . 1 . . . . . . . Scanalyzers 1 | . . . . . 1 . . . Garrison Access . | . . . . . . . . . Total Hacks 42 | . 12 1 1 . 20 6 1 1 Successful 28 | . 8 1 1 . 13 3 1 1 Failed 14 | . 4 . . . 7 3 . . Catastrophic 2 | . . . . . 2 . . . Database Lockouts . | . . . . . . . . . Manual 25 | . 10 . . . 12 3 . . Terminals 27 | . 8 . . . 15 4 . . Fabricators 2 | . . . . . . 2 . . Repair Stations 4 | . 2 . . . 2 . . . Recycling Units 2 | . 2 . . . . . . . Scanalyzers 3 | . . . . . 3 . . . Garrison Access . | . . . . . . . . . Terminal Hacks 12 | . 3 1 1 . 5 . 1 1 Record 1 | . . . 1 . . . . . Part Schematic 1 | . 1 . . . . . . . Robot Analysis 5 | . 2 . . . 3 . . . Open Door 3 | . . 1 . . . . 1 1 Unreport Threat 1 | . . . . . 1 . . . Hauler Manifests 1 | . . . . . 1 . . . Fabricator Hacks 2 | . . . . . . 2 . . Load Schematic 1 | . . . . . . 1 . . Build 1 | . . . . . . 1 . . Repair Station Hacks 4 | . 2 . . . 2 . . . Scan Component 2 | . 1 . . . 1 . . . Repair 2 | . 1 . . . 1 . . . Recycling Unit Hacks 1 | . 1 . . . . . . . Retrieve Components 1 | . 1 . . . . . . . Scanalyzer 3 | . . . . . 3 . . . Insert Component 1 | . . . . . 1 . . . Analyze 2 | . . . . . 2 . . . Garrison Access Hacks . | . . . . . . . . . Unauthorized Hacks 6 | . 2 . . . 3 1 . . Terminals 5 | . 1 . . . 3 1 . . Botnet 5 | . 1 . . . 3 1 . . Fabricators . | . . . . . . . . . Repair Stations . | . . . . . . . . . Recycling Units 1 | . 1 . . . . . . . Tunnel 1 | . 1 . . . . . . . Scanalyzers . | . . . . . . . . . Garrison Access . | . . . . . . . . . Data Cores Recovered 1 | . . . . . . 1 . . Used . | . . . . . . . . . Hacking Detections 11 | . 4 . . . 5 2 . . Full Trace Events 3 | . . . . . 2 1 . . Feedback Events . | . . . . . . . . . Feedback Blocked . | . . . . . . . . . Robot Schematics Acquired . | . . . . . . . . . Robots Built . | . . . . . . . . . Authchips . | . . . . . . . . . Time . | . . . . . . . . . Total Robot Build Rating . | . . . . . . . . . Part Schematics Acquired 2 | . 1 . . . 1 . . . Parts Built 1 | . . . . . . 1 . . Authchips . | . . . . . . . . . Time 62 | . . . . . . 62 . . Total Part Build Rating 2 | . . . . . . 2 . . Parts Repaired 2 | . 1 . . . 1 . . . Time 64 | . 26 . . . 38 . . . Parts Recycled . | . . . . . . . . . Recycled Matter . | . . . . . . . . . Retrieved Matter . | . . . . . . . . . Retrieved Components 10 | . 10 . . . . . . . Parts Scanalyzed 1 | . . . . . 1 . . . Part Schematics Acquired 1 | . . . . . 1 . . . Parts Damaged . | . . . . . . . . . Bothacking | -11 -10 -10 -10 -9 -8 -7 -7 -7 ------------ Run | Yrd Mat Min Exi Min Mat Fac Low Low Used RIF Installer . | . . . . . . . . . Robots Hacked . | . . . . . . . . . Non-combat . | . . . . . . . . . Combat . | . . . . . . . . . Robot Hacks Applied . | . . . . . . . . . Relay Couplers Released . | . . . . . . . . . Fabnet Peak Effective % . | . . . . . . . . . Robots Rewired 4 | . . . . . . . 2 2 Allies Hacked 1 | . . . . . . . . 1 Hacks Repelled . | . . . . . . . . . Allies | -11 -10 -10 -10 -9 -8 -7 -7 -7 -------- Run | Yrd Mat Min Exi Min Mat Fac Low Low Total Allies 6 | . . 1 . . . . 2 3 Largest Group 2 | . . 1 1 . . . 2 2 Highest-Rated Group 135 | . . 31 31 . . . 46 135 Highest-Rated Ally 135 | . . 31 31 . . . 30 135 Total Orders . | . . . . . . . . . Ally Attacks 26 | . . . . . . . 11 15 Total Damage 414 | . . . . . . . 261 153 Kills 4 | . . . . . . . 3 1 Allies Corrupted . | . . . . . . . . . Allies Melted . | . . . . . . . . . Intel | -11 -10 -10 -10 -9 -8 -7 -7 -7 ------- Run | Yrd Mat Min Exi Min Mat Fac Low Low Robot Analysis Total 5 | . 2 . . . 3 . . . Derelict Logs Recovered 4 | . . 1 . 1 . . 1 1 Drone Launches . | . . . . . . . . . Drone Recoveries . | . . . . . . . . . Exploration | -11 -10 -10 -10 -9 -8 -7 -7 -7 ------------- Run | Yrd Mat Min Exi Min Mat Fac Low Low Turns Passed 6746 | . 571 599 318 620 870 886 1523 1359 Spaces Moved 3004 | 1 367 325 168 312 326 347 670 488 Core . | . . . . . . . . . Treads 177 | . . . . . . . . 177 Legs 74 | 1 73 . . . . . . . Wheels 2753 | . 294 325 168 312 326 347 670 311 Hover . | . . . . . . . . . Flight . | . . . . . . . . . Fastest Speed 100 | 120 100 115 190 175 190 190 175 175 Average Speed 192 | 120 114 176 190 183 190 190 212 246 Slowest Speed 320 | 120 120 190 190 190 190 190 230 320 Overloaded Moves . | . . . . . . . . . Propulsion Burnouts . | . . . . . . . . . Robots Hopped . | . . . . . . . . . Cave-ins Triggered . | . . . . . . . . . Exploration Rate (%) 47 | 2 56 69 56 55 38 8 83 62 Regions Visited 8 Branch Regions 5 Pre-discovered Areas 1 | . 1 . . . . . . . Known Exits Taken 1 | . . . . . . 1 . . Unknown Exits Taken 7 | 1 1 1 1 1 1 . 1 . Scrap Searched 6 | . . 1 . 1 . . 2 2 Spaces Dug 6 | . . . . . 1 5 . . Terrain Destroyed 216 | . 73 16 . 36 1 63 . 27 Melee 6 | . . . . . 1 5 . . Projectile 3 | . . . . . . . . 3 AOE 207 | . 73 16 . 36 . 58 . 24 Terrain Rammed . | . . . . . . . . . Walls Destroyed . | . . . . . . . . . Machines Disabled . | . . . . . . . . . Actions | -11 -10 -10 -10 -9 -8 -7 -7 -7 --------- Run | Yrd Mat Min Exi Min Mat Fac Low Low Total 3615 | . 474 345 167 337 480 494 729 589 Wait 180 | . 49 . . 4 58 57 9 3 Move 2996 | . 366 324 167 311 325 346 669 488 Hop . | . . . . . . . . . Pick Up 65 | . 9 9 . 6 11 9 9 12 Fast Attach 13 | . 2 . . . 3 4 . 4 Attach 33 | . . . . 1 5 9 9 9 Detach 1 | . . . . . . 1 . . Swap 52 | . 9 6 . 2 10 13 3 9 Drop 41 | . 8 3 . . 16 4 1 9 Fire 201 | . 30 3 . 13 51 44 22 38 Melee 9 | . . . . . 1 7 . 1 Ram 1 | . 1 . . . . . . . Kick . | . . . . . . . . . Crush . | . . . . . . . . . Escape Stasis . | . . . . . . . . . Rewire 23 | . . . . . . . 7 16 Trap . | . . . . . . . . . Miscellaneous . | . . . . . . . . . Route ------- -11/Scrapyard -10/Materials (discovered 2 exits: [*Mat] / *Min) -10/Mines (discovered 4 exits: [*Mat x2] / *Exi / [*Sub]) -10/Exiles (discovered 2 exits: [*Min x2]) -9/Mines (discovered 2 exits: *Mat x2) -8/Materials -7/Factory -7/Lower Caves -7/Lower Caves (discovered 1 exit: [*Fac]) History --------- Turn | Location | Event 1 | -11/Scrapyard | Discovered new exit (range 0) 1 | -11/Scrapyard | Entered Materials 96 | -10/Materials | Discovered new exit (range 8) 261 | -10/Materials | Discovered new exit (range 16) 311 | -10/Materials | Build established: Mutant 392 | -10/Materials | Repaired Assault Rifle 572 | -10/Materials | Entered Mines 574 | -10/Mines | Discovered new exit (range 4) 602 | -10/Mines | A weapon hastily lodged in a ceiling crevice suddenly fell to the ground 805 | -10/Mines | Discovered new exit (range 9) 866 | -10/Mines | Discovered new exit (range 11) 915 | -10/Mines | Learned Materials security intel 965 | -10/Mines | Met a Derelict shopkeep closing up shop 1035 | -10/Mines | Received a Mining Laser from a helpful Derelict 1162 | -10/Mines | Deemed a non-threat by the Exiles lab entrance 1164 | -10/Mines | Discovered new exit (range 5) 1171 | -10/Mines | Entered Exiles 1171 | -10/Exiles | Found Exiles lab abandoned 1171 | -10/Exiles | Accompanied by 1 ally 1202 | -10/Exiles | Discovered new exit (range 15) 1472 | -10/Exiles | Discovered new exit (range 11) 1489 | -10/Exiles | Entered Mines 1550 | -9/Mines | Met a Derelict bent on vengeance 1852 | -9/Mines | Learned Materials trap positions 1866 | -9/Mines | Discovered new exit (range 7) 2086 | -9/Mines | Discovered new exit (range 10) 2109 | -9/Mines | Entered Materials 2109 | -8/Materials | Evolved 4 slots: Utility x3, Weapon x1 2110 | -8/Materials | Loaded intel: 15 trap records 2570 | -8/Materials | Repaired Imp. Light Armor Plating 2673 | -8/Materials | Build established: Scavenger-Tank 2971 | -8/Materials | Discovered new exit (range 5) 2979 | -8/Materials | Entered Factory 2979 | -7/Factory | Evolved 2 slots: Power x1, Utility x1 3346 | -7/Factory | Lost 6 parts (2p1n1u2w) 3388 | -7/Factory | Discovered new exit (range 9) 3405 | -7/Factory | Identified exit to Lower Caves 3611 | -7/Factory | Fabricated Lgt. EM Pulse Cannon? 3865 | -7/Factory | Entered Lower Caves 3869 | -7/Lower Caves | Build established: Scavenger-Gunner 4028 | -7/Lower Caves | Attracted the attention of an 0b10 checkpoint 4270 | -7/Lower Caves | Spotted B-75 Beast 4446 | -7/Lower Caves | Attracted the attention of an 0b10 outpost 4464 | -7/Lower Caves | Core integrity fell below 50% 4498 | -7/Lower Caves | Lost 9 parts (2p2n1u4w) 5203 | -7/Lower Caves | Discovered new exit (range 14) 5388 | -7/Lower Caves | Entered another Lower Caves area 5388 | -7/Lower Caves | Accompanied by 2 allies 5730 | -7/Lower Caves | Discovered new exit (range 5) 5986 | -7/Lower Caves | Attracted the attention of an 0b10 outpost 6049 | -7/Lower Caves | Lost 6 parts (2p1n2u1w) 6059 | -7/Lower Caves | Destroyed 11 combat bots 6160 | -7/Lower Caves | System corruption reached 10% 6441 | -7/Lower Caves | Build established: Scavenger-Mutant 6532 | -7/Lower Caves | Learned Factory terminal intel 6552 | -7/Lower Caves | Spotted B-75 Beast 6686 | -7/Lower Caves | Ambushed by wild Derelicts 6701 | -7/Lower Caves | Core integrity fell below 20% 6747 | -7/Lower Caves | Destroyed by J7-TQ8(g) with Beamcaster Last Messages --------------- 06731_ Arc Projector destroyed. 06731_ Lgt. Treads destroyed. 06732_ PL-HR7: "Now I've got to get to work on my next tribute to our warlord and saviour." 06732_ Acquired Imp. Medium Armor Plating. 06733_ HV Slug penetrates 5E-3MH(l). 06733_ 5E-3MH(l) suffers critical hit (Destroy). 06733_ 5E-3MH(l) destroyed. 06734_ PL-HR7: "WARLORD FOREVER!" 06735_ OS-DTG(l) suffers critical hit (Destroy). 06735_ Destroyed Carbon-fiber Leg. 06737_ HV Slug penetrates Wall. 06737_ Adv. Heat Sink destroyed. 06739_ HV Slug penetrates Wall. 06741_ HV Slug penetrates Earth. 06742_ Imp. Medium Armor Plating destroyed. 06743_ Acquired Carbon-fiber Leg. 06743_ W-Fans Enter Here disabled. 06747_ HV Slug penetrates OS-DTG(l). 06747_ HV Slug penetrates Wall. Map ----- +----------------------------------------------------+ | | | | | | | ?????????????????????????????????????????????????? | | ?????????????????????????????????????????????????? | | ?????????????????????????????????????????????????? | | ?????????????????????????????????????????????????? | | ?????????????????????????????????????????????????? | | ?????????????????????????????????????????????????? | | ?????????????????????????????????????????????????? | | ?????????????????????????????????????????????????? | | ?????????????????????????????????????????????????? | | ?????????????????????????????????????????????????? | | ?????????????????????????????????????????????????? | | ?????????????????????????????????????????????????? | | ?????????????????????????????????????????????????? | | ?????????????????????????????????????????????????? | | ?????????????????????????????????????????????????? | | ?????????????????????????????????????????????????? | | ?????????????????????????????????????????????????? | | ?????????????????????????????????????????????????? | | ???????????????????????#####?????????????????????? | | ????????????????????????"""??????????????????????? | | ???????????????????????? c??????????????#???????? | | ??????????????????????### ##???????????? ????????? | | ??????????????????????#*!@ #???????????# ###?????? | | ?????????????????????###l;###????????## ## #?????? | | ?????????????????????# #g% ###??????# ## #?????? | | ??????????????# ### %% ######"# ##????? | | ??????????????# $ ###??? | | ??????????????# ####### % % ##?? | | ???????????????????????## ###### "## | | ????????????????????????### #????## "" | | ??????????????????????????## ????## ## | | ???????????????????????????######????## ## ## | | ????????????????????????????????### ####### ##? | | ?????????????????????????????? ##?? | | ?????????????????????????????? % #### | | ?????????????????????????????????####### | | ???????????????????????????????????????### % | | ?????????????????????????????????????????# ###%" | | ????????????????????????????????????????# ##?# # | | ?????????????????????????????????????? ???# # | | ????????????????????????????????????# #???# # | | ??????????????????????????????????? #???? # | | ??????????????????????????????????## #????? | | ???????????????????????????????????# #????? | | ???????????????????????????????????# ##?????? | | ???????????????????????????????????# ???????? | | ???????????????????????????????????# ????????? | +----------------------------------------------------+ Best States ------------- Heat Dissipation 81 Energy Generation 23 Energy Capacity 400 Matter Stores 300 Matter Capacity 300 Sight Range 16 Terrain Scan Density 10 Armor Coverage 600 Melee Speed Boost 20 Evasion (%) 55 Core Analysis 6 Recoil Reduction 2 Offensive Hacking 10 Item Schematics ----------------- Hcp. Storage Unit | -10/Materials | Hacked Lgt. EM Pulse Cannon | -8/Materials | Scanalyzed Robot Schematics ------------------ None Fabricated ------------ Lgt. EM Pulse Cannon | x1 | -7/Factory Alien Tech Used ----------------- None Achievements -------------- None Challenges ------------ None Game ------ Seed TransdimensionalCommJammer Manual? 0 Play Time 01:03:01 Cumulative 81.0 hours Start 2024.07.13 @ 03:33:10 End 2024.07.13 @ 14:12:02 Sessions 3 Manual Loads 0 Difficulty Rogue Special Mode None Game No. 33 Rogue 33 Adventurer 0 Explorer 0 Win Type - Total 0 Types 0/0/0/0/0/0/0/0/0 Lore% 35 Gallery% 48 Achievement% 45 Wizard Run 0 Options --------- Layout 2 ASCII 0 Keyboard 1 Movement Numpad Keybinds 0 Fullscreen 2 Font 24/Smallcaps Map View 50x44 Zoom Use 0% Tactical HUD 1 Map Filters NONE Filters NONE Steam 1 RUN: aaa841b8-2aa6-4623-99f5-2bc42a862ab2